 Dungeon Crawl Stone Soup version 0.28-a0-1415-g7c84da036a (webtiles) character file.

Game seed: 1989698790019594939

109 snetch the Skirmisher (level 4, 0/41 HPs)
             Began as a Minotaur Berserker on Jan 7, 2022.
             Was a Believer of Trog.
             Slain by an orc priest (8 damage)
             ... on level 3 of the Dungeon.
             The game lasted 00:03:53 (1315 turns).

snetch the Skirmisher (Minotaur Berserker)          Turns: 1315, Time: 00:03:53

Health: 0/41       AC: 10    Str: 23    XL:     4   Next: 60%
Magic:  3/3        EV: 12    Int:  4    God:    Trog [**....]
Gold:   59         SH:  0    Dex: 10    Spells: 3/3 levels left

rFire   . . .      SeeInvis .   b - +1 mace (protect)
rCold   . . .      Faith    .   (no shield)
rNeg    . . .      Spirit   .   f - +0 leather armour
rPois   .          Reflect  .   (helmet restricted)
rElec   .          Harm     .   (no cloak)
rCorr   .          Rampage  .   (no gloves)
Will    ++...                   (no boots)
Stlth   +.........              (no amulet)
HPRegen 1.13/turn               (no ring)
MPRegen 0.08/turn               (no ring)

@: strong-willed (expiring), under a protective aura, regenerating (expiring)
A: horns 2, retaliatory headbutt
a: Renounce Religion, Berserk, Trog's Hand


You were on level 3 of the Dungeon.
You worshipped Trog.
Trog was pleased with you.
You visited 1 branch of the dungeon, and saw 3 of its levels.

You collected 59 gold pieces.

Inventory:

Hand Weapons
 a - a +0 hand axe
 b - a +1 mace of protection (weapon)
 i - a +0 halberd
Missiles
 g - 20 stones
 h - 8 poisoned darts (quivered)
Armour
 f - a +0 leather armour (worn)
Scrolls
 c - a scroll of fog {unknown}
 d - 2 scrolls of identify {unknown}
 j - a scroll of blinking {unknown}
Potions
 e - a potion of berserk rage {unknown}


   Skills:
 + Level 4.5 Fighting
 + Level 4.3(4.6) Axes
 + Level 2.1(3.5) Maces & Flails
 + Level 3.0 Armour
 + Level 2.8 Dodging
 + Level 0.7 Stealth


You had 3 spell levels left.
You didn't know any spells.
Your spell library contained the following spells:

 Spells                   Type           Power      Damage    Failure   Level
 Beastly Appendage        Tmut           0%         N/A       54%         1
 Wereblood                Tmut           0%         N/A       69%         2
 Spider Form              Tmut/Pois      0%         N/A       89%         3


Dungeon Overview and Level Annotations

Branches:
Dungeon (3/15)

Altars:

Shops:
D:1 !


Innate Abilities, Weirdness & Mutations

You have a pair of horns on your head.
You reflexively headbutt those who attack you in melee.


Message History

Your Armour skill increases to level 3!
You closely miss the orc priest.
The orc priest hits you but does no damage.
The orc priest calls down the wrath of Beogh upon you.
Beogh smites you!
You hear a shout!
You hit the orc priest.
The orc priest is lightly wounded.
The orc priest barely misses you.
You barely miss the orc priest.
The orc priest is lightly wounded.
The orc priest barely misses you. You furiously retaliate!
You headbutt the orc priest.
The orc priest looks braver for a moment.
You hit the orc priest. You headbutt the orc priest!
You kill the orc priest!
Trog accepts your kill.
Your base Maces & Flails skill increases to level 2!
You hit the orc priest but do no damage.
The orc priest hits you with a +0 flail.
You barely miss the orc priest.
The orc priest hits you with a +0 flail.
The orc priest calls down the wrath of Beogh upon you.
Beogh smites you!
* * * LOW HITPOINT WARNING * * *
Your skin crawls.
You feel strong-willed.
The orc priest hits you but does no damage.
You barely miss the orc priest. The orc priest closely misses you.
You hit the orc priest. Your headbutt misses the orc priest.
The orc priest is lightly wounded.
The orc priest closely misses you.
You hit the orc priest.
The orc priest is moderately wounded.
The orc priest closely misses you.
You barely miss the orc priest. Your headbutt misses the orc priest.
The orc priest is moderately wounded.
You feel the effects of Trog's Hand fading.
The orc priest hits you with a +0 flail!
You die...

.#.#........#.<...o....o
.. #..............{...≈.
.. #.........#...o..o...
...####......#..o#########
... #......#............
#......#............
#...................
########.###########
#.o@[....... ######.....#
..... ...# ..# .# #


You could see an orc priest.

Vanquished Creatures
  An orc priest (D:3)
  4 gnolls
  3 dart slugs
  An orc (D:3)
  3 ball pythons
  6 bats
  4 endoplasms (D:1)
  A giant cockroach (D:1)
  A hobgoblin (D:1)
  7 goblins
  2 kobolds (D:1)
  3 rats
36 creatures vanquished.

Notes
Turn   | Place    | Note
-------+----------+-------------------------------------------
     0 | D:1      | snetch the Minotaur Berserker began the quest for the Orb.
     0 | D:1      | Reached XP level 1. HP: 19/19 MP: 0/0
   194 | D:1      | Reached XP level 2. HP: 25/27 MP: 1/1
   430 | D:1      | Reached XP level 3. HP: 19/33 MP: 2/2
   732 | D:1      | Found Ycosaoto's Distillery.
   914 | D:2      | Reached ** piety under Trog
  1264 | D:3      | Reached skill level 1 in Maces & Flails
  1266 | D:3      | Reached XP level 4. HP: 25/41 MP: 3/3
  1310 | D:3      | HP: 2/41 [orc priest/divine providence (12)]
  1315 | D:3      | Slain by an orc priest

Illustrated notes

Levels and vault maps discovered:
D:1:      minmay_arrival_plants_in_alcoves, layout_loops_ring, serial_shops,
          shop, serial_aquarium, aquarium_bridge_straight
          [aquarium_subvault_bridge, aquarium_subvault_window,
          aquarium_subvault_bridge, aquarium_subvault_balcony],
          aquarium_bridge_straight [aquarium_subvault_bridge,
          aquarium_subvault_wall, aquarium_subvault_bridge,
          aquarium_subvault_window], aquarium_window_corridor_2,
          aquarium_window_1, aquarium_view_2d, aquarium_view_2a,
          aquarium_pool_five, minmay_misc_feat_room
D:2:      layout_loops_cross
D:3:      cheibrodos_pilgrimage, layout_basic, gup_sewer_entry_pipe,
          ebering_ghost_reflecting_pool,
          hellmonk_ecumenical_altar_pennies_from_heaven

Skill      XL: |  1  2  3  4 |
---------------+-------------+-----
Fighting       | 4 |  4.5
Axes           | 4 |  4.3
Maces & Flails | 1 2 |  2.1
Armour         | 3 |  3.0
Dodging        | |  2.8
Stealth        | |  0.7

Action                   |  1- 3 |  4- 6 || total
-------------------------+-------+-------++-------
Melee: Mace              |    44 |    18 ||    62
       Hand axe          |     4 |       ||     4
       Headbutt          |     5 |     1 ||     6
Invok: Berserk           |     2 |       ||     2
       Trog's Hand       |       |     2 ||     2
 Stab: Sleeping          |     2 |       ||     2
Armor: Leather armour    |    19 |     4 ||    23
       Animal skin       |     2 |       ||     2
Dodge: Dodged            |    37 |    10 ||    47

Table legend: (Time is in decaauts)
 A = Elapsed time spent in this place.
 B = Non-inter-level travel time spent in this place.
 C = Inter-level travel time spent in this place.
 D = Time resting spent in this place.
 E = Time spent auto-exploring this place.
 F = Levels seen in this place.
 G = Mean time per level.
                   A        B        C        D        E       F      G
               +--------+--------+--------+--------+--------+-----+--------+
         Total |   1349 |   1254 |     95 |      0 |    833 |   3 |  449.7 |
       Dungeon |   1349 |   1254 |     95 |      0 |    833 |   3 |  449.7 |
               +--------+--------+--------+--------+--------+-----+--------+

Top non-repeatable levels by time:
     D:1: 1153 daAuts
     D:2: 114 daAuts
     D:3: 80 daAuts
